 Dungeon Crawl Stone Soup version 0.30-a0-920-g7493c07aab (webtiles) character file.

Game seed: 13135436452110728680

9516 Lobster4 the Summoner (level 11, -11/94 HPs)
             Began as a Hill Orc Summoner on Mar 21, 2023.
             Was an Initiate of Gozag.
             Engulfed by a cloud of flame (24 damage)
             ... on level 10 of the Dungeon.
             The game lasted 00:41:40 (12639 turns).

Lobster4 the Summoner (Hill Orc Summoner)          Turns: 12639, Time: 00:41:41

Health: -11/94     AC: 13    Str: 19    XL:     11   Next: 47%
Magic:  14/18      EV: 13    Int: 15    God:    Gozag
Gold:   751        SH:  0    Dex: 11    Spells: 8/20 levels left

rFire   . . .      SeeInvis .    A - +8 rapier "Ucoh" {spect, rElec Str+5 Dex-2}
rCold   + . .      Faith    .    (no shield)
rNeg    . . .      Spirit   .    K - +1 leather armour {rC+}
rPois   .          Reflect  .    o - +2 hat {Will+}
rElec   +          Rampage  .    (no cloak)
rCorr   .                        L - +2 pair of gloves
Will    +....                    r - +2 pair of boots
Stlth   +                        v - amulet of magic regeneration
HPRegen 0.35/turn                (no ring)
MPRegen 0.56/turn                (no ring)

@: lethally poisoned (-11 -> -15), gold aura, slowed, very slow
A: no striking features
a: Renounce Religion, Potion Petition, Call Merchant, Bribe Branch


You were on level 10 of the Dungeon.
You worshipped Gozag.
Gozag was pleased with you.
You visited 1 branch of the dungeon, and saw 10 of its levels.

You collected 2044 gold pieces.
You spent 509 gold pieces at shops.
You paid 784 gold pieces to Gozag.

Inventory:

Hand Weapons
 d - a +0 spear of protection
 n - a +0 sling
 y - a +5 spectral club
 A - the +8 rapier "Ucoh" (weapon) {spect, rElec Str+5 Dex-2}
   (You found it on level 3 of the Dungeon)

   Str:       It affects your strength (+5).
   Dex:       It affects your dexterity (-2).
   rElec:     It insulates you from electricity.
Missiles
 e - 18 poisoned darts
 l - 5 throwing nets
 p - a curare-tipped dart
 D - 5 boomerangs of dispersal
Armour
 c - a +0 helmet
 o - a +2 hat of willpower (worn)
 r - a +2 pair of boots (worn)
 C - a +0 scale mail of cold resistance
 K - a +1 leather armour of cold resistance (worn)
 L - a +2 pair of gloves (worn)
Magical Staves
 g - a staff of fire
Jewellery
 m - a ring of positive energy
 v - an amulet of magic regeneration (around neck)
Wands
 f - a wand of polymorph (10)
 x - a wand of digging (13)
 G - a wand of paralysis (3)
Scrolls
 a - a scroll of vulnerability {unknown}
 k - 4 scrolls of teleportation
 w - a scroll of silence
 I - 3 scrolls of magic mapping
 J - 2 scrolls of enchant weapon
Potions
 b - 4 potions of magic
 h - 3 potions of attraction
 i - 2 potions of brilliance
 j - a potion of lignification
 q - 3 potions of invisibility {unknown}
 s - a potion of ambrosia
 t - a potion of resistance
 u - 2 potions of flight
 B - 3 potions of might
 E - 2 potions of haste
 F - a potion of berserk rage
 H - a potion of mutation
 M - 2 potions of heal wounds


   Skills:
 + Level 8.2 Fighting
 + Level 6.2 Short Blades
 - Level 4.0 Maces & Flails
 - Level 3.0 Polearms
 - Level 1.0 Throwing
 + Level 6.6 Armour
 - Level 6.0 Dodging
 - Level 1.5 Stealth
 - Level 5.0 Spellcasting
 + Level 3.5 Hexes
 + Level 8.2 Summonings
 - Level 3.0 Evocations


You had 8 spell levels left.
You knew the following spells:

 Your Spells              Type           Power      Damage    Failure   Level
a - Summon Small Mammal   Summ           100%       N/A       1%          1
b - Call Imp              Summ           28%        N/A       1%          2
c - Call Canine Familiar  Summ           28%        N/A       1%          3
d - Summon Guardian Gole  Hex/Summ       21%        N/A       4%          3
e - Tukima's Dance        Hex            14%        N/A       13%         3

Your spell library contained the following spells:

 Spells                   Type           Power      Damage    Failure   Level
 Freeze                   Ice            12%        1d3       19%         1
 Kiss of Death            Conj/Necr      12%        2d6       19%         1
 Magic Dart               Conj           12%        1d3       19%         1
 Shock                    Conj/Air       12%        1d3       19%         1
 Dazzling Flash           Conj/Hex       18%        N/A       26%         3
 Searing Ray              Conj           6%         2d4       28%         2
 Summon Lightning Spire   Summ/Air       16%        N/A       34%         4
 Fulminant Prism          Conj/Hex       4%         3d5       65%         4
 Iskenderun's Mystic Bla  Conj/Tloc      3%         2d3       88%         4
 Passage of Golubria      Tloc           3%         N/A       88%         4
 Metabolic Englaciation   Hex/Ice        4%         N/A       94%         5
 Yara's Violent Unravell  Hex/Tmut       4%         3d4       94%         5
 Freezing Cloud           Conj/Ice/Air   1%         6-21      99%         5
 Starburst                Conj/Fire      1%         6d3       100%        6
 Polar Vortex             Ice            1%         N/A       100%        9


Dungeon Overview and Level Annotations

Branches:
Dungeon (10/15)            Temple (0/1) D:6            Lair (0/5) D:8
    Orc: D:9-12

Altars:
Ashenzari
Dithmenos
Elyvilon
Gozag
Kikubaaqudgha
Nemelex Xobeh
Okawaru
Sif Muna
Uskayaw
Vehumet
Xom
Yredelemnul
The Shining One
Beogh

Shops:
D:8 (   D:9 ?

Annotations:
D:7 2 transporters, Brisketman's ghost, novice MiGl
D:8 Grum


Message History

Casting: Summon Small Mammal (safe; 1% risk of failure)
Confirm with . or Enter, or press ? or * to list all spells.
You feel very sick.
Your quokka barely misses the kobold brigand.
The kobold brigand hits you but does no damage.
Your quokka bites the kobold brigand.
Flame seeps out of the kobold brigand.
Your white imp hits the kobold brigand but does no damage.
Unknown command.
You closely miss the kobold brigand.
The kobold brigand is lightly wounded.
Your +8 rapier "Ucoh" {spect, rElec Str+5 Dex-2} barely misses the kobold brigand.
You feel very sick.
Your quokka barely misses the kobold brigand.
The kobold brigand is engulfed in blazing flames.
Flame seeps out of the kobold brigand.
The kobold brigand closely misses your quokka.
Your white imp closely misses the kobold brigand.
Your quokka closely misses the kobold brigand.
The kobold brigand is engulfed in blazing flames.
Flame seeps out of the kobold brigand.
The kobold brigand hits you with a +0 short sword.
You puncture the kobold brigand!
Flame seeps out of the kobold brigand.
The kobold brigand is almost dead.
Your +8 rapier "Ucoh" {spect, rElec Str+5 Dex-2} hits the kobold brigand.
The kobold brigand explodes!
The fiery explosion engulfs your white imp!!
Your white imp is burned terribly!
You kill your white imp!
Your white imp disappears in a puff of smoke!
The fiery explosion engulfs the kobold brigand!
The kobold brigand resists.
Flame seeps out of the kobold brigand.
The kobold brigand is severely wounded.
The fiery explosion engulfs you!!
* * * LOW HITPOINT WARNING * * *
The fiery explosion engulfs your quokka!!!
You kill your quokka!
Your quokka's corpse disappears in a puff of smoke!
You are engulfed in blazing flames.
You die...
Your body crumbles into a pile of gold.

$ ..###... #... ......
#... ..... ##..
....######## #..
######+##K..#......# #..
........#K§.#......#####..
........#K###.............
........(°○h............##
........§@§.....$.......#
####.....)..............#
#....................#
#..######............# #..
#............# ###
#............##
#..............
#############.. ###


You could see a kobold demonologist (inner flame), 2 kobold brigands, a friendly
+8 rapier "Ucoh" {spect, rElec Str+5 Dex-2} (summoned) and a friendly hound
(summoned).

Vanquished Creatures
  Gastronok (D:8)
  A two-headed ogre (D:8)
  Pikel (D:7)
  A kobold demonologist (D:10)
  2 trolls
  2 slime creatures (D:10)
  A wyvern (D:9)
  9 yaks
  A steam dragon (D:7)
  An acid dragon (D:9)
  A water moccasin (D:6)
  2 orc warriors (D:8)
  A sky beast (D:6)
  A black bear (D:6)
  A centaur (D:7)
  2 wolves (D:8)
  A phantom (D:6)
  2 kobold brigands
  3 lemures (D:7)
  4 bullfrogs
  A gnoll sergeant (D:9)
  2 scorpions (D:6)
  3 killer bees (D:10)
  2 orc priests
  7 hounds
  2 jellies
  2 iguanas
  Terence (D:2)
  2 orc wizards
  2 sleepcaps
  Natasha (D:3)
  A scorpion zombie (D:3)
  A hound zombie (D:3)
  7 gnolls
  6 adders
  A white imp (D:5)
  An ufetubus (D:5)
  An adder zombie (D:3)
  A dart slug (D:2)
  14 orcs
  3 endoplasms
  7 giant cockroaches
  4 goblins
  5 hobgoblins
  4 quokkas
  4 ball pythons
  3 bats
  A frilled lizard (D:1)
  A jackal skeleton (D:3)
  A jackal zombie (D:3)
  7 kobolds
  2 rats
138 creatures vanquished.

Vanquished Creatures (collateral kills)
  Joseph (D:8)
  A slime creature (D:10)
  5 yaks
  An acid dragon (D:7)
  An ogre (D:6)
  A lemure (D:7)
  An electric eel (D:8)
  3 howler monkeys (D:8)
  4 hounds (D:8)
  An orc priest (D:3)
  A jelly (D:5)
  A gnoll bouda (D:6)
  Jessica (D:2)
  Natasha (twice) (D:3)
  An orc wizard (D:8)
  Ijyb (D:3)
  3 iguanas
  2 hound zombies (D:3)
  A howler monkey zombie (D:3)
  Robin (D:3)
  8 gnolls
  An adder zombie (D:3)
  3 worms
  3 dart slugs
  13 orcs
  3 bats
  An endoplasm (D:1)
  9 giant cockroaches
  3 hobgoblins
  A quokka (D:1)
  5 ball pythons
  A ball python skeleton (D:3)
  7 goblins
  8 kobolds
  A rat (D:3)
100 creatures vanquished.

Vanquished Creatures (others)
  A yak (D:9)
  A bullfrog (D:9)
  A kobold (D:8)
  9 plants
  5 withered plants (D:3)
17 creatures vanquished.

Grand Total: 255 creatures vanquished

Notes
Turn   | Place    | Note
-------+----------+-------------------------------------------
     0 | D:1      | Lobster4 the Hill Orc Summoner began the quest for the Orb.
     0 | D:1      | Reached XP level 1. HP: 14/14 MP: 3/3
   123 | D:1      | Reached XP level 2. HP: 7/22 MP: 2/4
   476 | D:1      | Learned a level 2 spell: Call Imp
   545 | D:1      | Reached skill level 1 in Fighting
   643 | D:1      | Found a faded altar of an unknown god.
   788 | D:1      | Reached skill level 1 in Armour
   788 | D:1      | Reached XP level 3. HP: 28/28 MP: 2/5
   905 | D:2      | Noticed Terence
  1172 | D:2      | Noticed Jessica
  1182 | D:2      | Reached XP level 4. HP: 27/35 MP: 1/6
  1196 | D:2      | Reached skill level 1 in Polearms
  1206 | D:2      | Killed Jessica
  1585 | D:2      | Found an opulent altar of Gozag.
  1599 | D:2      | Became a worshipper of Gozag Ym Sagoz the Greedy
  2067 | D:3      | Reached XP level 5. HP: 41/41 MP: 5/8
  2180 | D:3      | Noticed Ijyb
  2202 | D:3      | Killed Ijyb
  2401 | D:3      | Noticed Natasha
  2407 | D:3      | Killed Natasha
  2657 | D:3      | Found a roughly hewn altar of Beogh.
  2835 | D:3      | Got the Precepts of Graupel
  2865 | D:3      | Reached XP level 6. HP: 47/49 MP: 5/9
  3010 | D:3      | Identified the +8 rapier "Ucoh" {spect, rElec Str+5 Dex-2}
  3019 | D:3      | Noticed Robin
  3059 | D:3      | Learned a level 3 spell: Call Canine Familiar
  3106 | D:3      | Killed Robin
  3237 | D:3      | Reached skill level 1 in Maces & Flails
  3279 | D:3      | Noticed Natasha
  3284 | D:3      | Killed Natasha
  3517 | D:4      | Found a glowing golden altar of the Shining One.
  4243 | D:5      | Entered Level 5 of the Dungeon
  4316 | D:5      | Found an iron altar of Okawaru.
  4324 | D:5      | Reached XP level 7. HP: 56/56 MP: 8/10
  4819 | D:5      | Reached skill level 1 in Short Blades
  4865 | D:5      | Reached skill level 1 in Throwing
  4865 | D:5      | Reached skill level 1 in Evocations
  5054 | D:6      | Reached skill level 5 in Summonings
  5209 | D:6      | Found a staircase to the Ecumenical Temple.
  5383 | D:6      | Reached XP level 8. HP: 54/63 MP: 8/12
  5725 | D:6      | Found a sparkling altar of Nemelex Xobeh.
  6285 | D:6      | Found a white marble altar of Elyvilon.
  6802 | D:2      | Killed Terence
  6828 | D:3      | Noticed Natasha
  6829 | D:3      | Killed Natasha
  7237 | D:7      | Reached XP level 9. HP: 52/72 MP: 14/14
  7395 | D:7      | Found a basalt altar of Yredelemnul.
  7551 | D:7      | Found a hide-covered altar of Uskayaw.
  7573 | D:7      | Noticed Pikel
  7596 | D:7      | Killed Pikel
  7907 | D:7      | Found a transporter.
  7918 | D:7      | Noticed a moth of wrath
  7924 | D:7      | Noticed Brisketman's ghost (novice MiGl)
  7935 | D:7      | Found a transporter.
  8004 | D:7      | Found a shimmering blue altar of Sif Muna.
  8011 | D:7      | Got Sif Muna's Precepts of Trauma
  8013 | D:7      | Got Sif Muna's Papyrus of the Brume
  8015 | D:7      | Got Sif Muna's Excursus on Frost
  8095 | D:7      | Found a radiant altar of Vehumet.
  8190 | D:7      | Reached skill level 5 in Fighting
  8634 | D:8      | Noticed Gastronok
  8735 | D:8      | Reached skill level 5 in Armour
  8871 | D:8      | Noticed Grum
  9121 | D:8      | Noticed Joseph
  9181 | D:8      | Found Qoizor's Antique Weapon Shoppe.
  9322 | D:8      | Noticed a troll
  9599 | D:8      | Reached XP level 10. HP: 55/83 MP: 16/16
  9608 | D:8      | Killed Gastronok
  9953 | D:8      | Killed Joseph
  9954 | D:8      | Reached skill level 5 in Short Blades
  9954 | D:8      | Reached skill level 5 in Dodging
 10091 | D:8      | Found a staircase to the Lair.
 10503 | D:8      | Learned a level 3 spell: Summon Guardian Golem
 10672 | D:8      | Reached skill level 5 in Spellcasting
 10672 | D:8      | Reached skill level 1 in Hexes
 10824 | D:8      | Noticed a two-headed ogre
 10846 | D:8      | Killed a two-headed ogre
 10847 | D:8      | Reached XP level 11. HP: 92/92 MP: 18/18
 11119 | D:9      | Found a shadowy altar of Dithmenos.
 11838 | D:9      | Found a broken altar of Ashenzari.
 12058 | D:9      | Found an ancient bone altar of Kikubaaqudgha.
 12066 | D:9      | Found a shimmering altar of Xom.
 12101 | D:9      | Bought a scroll of identify for 30 gold pieces
 12101 | D:9      | Bought a scroll of identify for 30 gold pieces
 12103 | D:9      | Bought a scroll of magic mapping for 112 gold pieces
 12103 | D:9      | Bought 3 scrolls of enchant armour for 337 gold pieces
 12145 | D:10     | Entered Level 10 of the Dungeon
 12312 | D:10     | Noticed a sun demon
 12340 | D:10     | Learned a level 3 spell: Tukima's Dance
 12639 | D:10     | Engulfed by a cloud of flame

Illustrated notes

Levels and vault maps discovered:
D:1:      lemuel_arrival_hallway, layout_basic,
          shapermc_ecumenical_altar_totnotflames
D:2:      minmay_roachtagon, layout_loops_ring, basic_altar, uniq_terence,
          uniq_jessica
D:3:      layout_loops_ring, serial_undead, serial_undead_e, serial_undead_d,
          serial_undead_d, serial_undead_f, serial_undead_d, serial_undead_e,
          serial_undead_c, serial_undead_c, serial_undead_f, serial_undead_d,
          kennysheep_orc_chapel, uniq_natasha, uniq_ijyb, uniq_robin
D:4:      layout_basic, lemuel_crystal_altar
D:5:      layout_basic, mainiacjoe_overflow_catwalk, kennysheep_minor_cross
D:6:      layout_loops_corners, mainiacjoe_overflow_alcove_2,
          mainiacjoe_overflow_tiny_flanked, minmay_temple_entry_grid,
          nicolae_ossuary_entry_false_entrances
D:7:      layout_loops_corners, mainiacjoe_overflow_paths,
          kennysheep_little_box, kennysheep_mini,
          nicolae_sif_muna_little_library, gammafunk_ghost_berserking_beasts,
          serial_bayou_crossing, uniq_pikel
D:8:      layout_basic, erik_lair_island, serial_shops,
          nicolae_shop_overgrown_old_shop, uniq_gastronok, uniq_grum,
          uniq_joseph
D:9:      layout_irregular_city, nicolae_dithmenos_shadow_blocks,
          cheibrodos_ashenzari_chains, amethyst_overflow_temple_binary
D:10:     layout_irregular_city, nicolae_shop_gadgets

Skill      XL: |  1  2  3  4  5  6  7  8  9 10 11 |
---------------+----------------------------------+-----
Fighting       | 1 2 3 4 5 7 8 |  8.2
Armour         | 1 2 3 4 5 6 |  6.6
Dodging        | 2 3 4 5 6 |  6.0
Polearms       | 1 2 3 |  3.0
Spellcasting   | 2 3 4 5 |  5.0
Maces & Flails | 1 2 3 4 |  4.0
Short Blades   | 1 3 4 5 6 |  6.2
Throwing       | 1 |  1.0
Evocations     | 1 2 3 |  3.0
Summonings     | 5 6 7 8 |  8.2
Hexes          | 2 3 |  3.5
Stealth        | |  1.5

Action                     |  1- 3 |  4- 6 |  7- 9 | 10-12 || total
---------------------------+-------+-------+-------+-------++-------
  Melee: Spear             |    84 |    71 |       |       ||   155
         Club              |       |    53 |       |       ||    53
         Punch             |       |     1 |     2 |     3 ||     6
         Rapier            |       |    14 |   185 |   118 ||   317
  Throw: Dart              |       |       |       |     7 ||     7
   Cast: Summon Small Mamm |    28 |    50 |    57 |    37 ||   172
         Call Imp          |     5 |    19 |    34 |    20 ||    78
         Call Canine Famil |       |     1 |    36 |    23 ||    60
         Summon Guardian G |       |       |       |     1 ||     1
 Invoke: Call Merchant     |       |       |       |     1 ||     1
  Evoke: Wand              |       |       |     5 |       ||     5
    Use: Scroll            |       |     3 |    14 |     7 ||    24
         Potion            |       |       |     6 |     2 ||     8
   Stab: Distracted        |     1 |     1 |     4 |     9 ||    15
         Sleeping          |       |     2 |       |       ||     2
         Paralysed         |       |       |     4 |       ||     4
 Armour: Robe              |    21 |    25 |    23 |       ||    69
         Leather armour    |       |       |    18 |    21 ||    39
  Dodge: Dodged            |    46 |    74 |   114 |    64 ||   298

Table legend: (Time is in decaauts)
 A = Elapsed time spent in this place.
 B = Non-inter-level travel time spent in this place.
 C = Inter-level travel time spent in this place.
 D = Time resting spent in this place.
 E = Time spent auto-exploring this place.
 F = Levels seen in this place.
 G = Mean time per level.
                   A        B        C        D        E       F      G
               +--------+--------+--------+--------+--------+-----+--------+
         Total |  12733 |  12216 |    517 |   1200 |   8310 |  10 | 1273.3 |
       Dungeon |  12733 |  12216 |    517 |   1200 |   8310 |  10 | 1273.3 |
               +--------+--------+--------+--------+--------+-----+--------+

Top non-repeatable levels by time:
     D:8: 2472 daAuts
     D:6: 1709 daAuts
     D:7: 1618 daAuts
     D:3: 1364 daAuts
     D:2: 1255 daAuts
     D:9: 1216 daAuts
     D:1: 943 daAuts
     D:4: 885 daAuts
     D:5: 823 daAuts
    D:10: 442 daAuts
